 Dungeon Crawl Stone Soup version 0.29-a0-529-gfa20dd96a1 (webtiles) character file.

Game seed: 7164032205135597391

8894 happo123 the Covert (level 11, -12/64 HPs)
             Began as a Kobold Enchanter on June 2, 2022.
             Was an Elder of Fedhas.
             Mangled by a boulder beetle (43 damage)
             ... on level 1 of the Lair of Beasts.
             The game lasted 00:50:51 (10702 turns).

happo123 the Covert (Kobold Enchanter)             Turns: 10702, Time: 00:50:52

Health: -12/64     AC: 15    Str:  5    XL:     11   Next: 64%
Magic:  25/28      EV: 17    Int: 30    God:    Fedhas [****..]
Gold:   546        SH:  0    Dex: 16    Spells: 7/21 levels left

rFire   . . .      SeeInvis .   J - +5 quarterstaff of Misery {elec, rC- Will+ Int+9}
rCold   x . .      Faith    +   (shield currently unavailable)
rNeg    . . .      Spirit   .   F - +1 leather armour {rPois}
rPois   +          Reflect  .   l - +0 helmet
rElec   .          Harm     .   H - +1 cloak
rCorr   .          Rampage  .   y - +1 pair of gloves
Will    +....                   k - +0 pair of boots
Stlth   +++++.....              i - amulet of faith
HPRegen 0.20/turn               j - ring of magical power
MPRegen 0.21/turn               t - +4 ring of protection

@: confusing by touch, studying Armour
A: small, no large weapons, nightstalker 3
a: Renounce Religion, Wall of Briars, Grow Ballistomycete, Overgrow


You were on level 1 of the Lair of Beasts.
You worshipped Fedhas.
Fedhas was greatly pleased with you.
You visited 3 branches of the dungeon, and saw 11 of its levels.

You collected 720 gold pieces.
You spent 174 gold pieces at shops.

Inventory:

Hand Weapons
 a - a +1 dagger
 J - the +5 quarterstaff of Misery (weapon) {elec, rC- Will+ Int+9}
   (You found it on level 7 of the Dungeon)

   It occasionally discharges a powerful burst of electricity upon striking a
   foe.
   Int:       It affects your intelligence (+9).
   rC:        It makes you vulnerable to cold.
   Will:      It increases your willpower.
 L - a +1 dagger of freezing
 Q - a +0 hand crossbow
Missiles
 C - a throwing net
Armour
 k - a +0 pair of boots (worn)
 l - a +0 helmet (worn)
 y - a +1 pair of gloves (worn)
 F - a +1 leather armour of poison resistance (worn)
 H - a +1 cloak (worn)
Magical Staves
 b - a staff of fire
Jewellery
 i - an amulet of faith (around neck)
 j - a ring of magical power (left hand)
 q - a +6 ring of strength
 s - an amulet of guardian spirit
 t - a +4 ring of protection (right hand)
 O - a ring of protection from fire
 S - a +4 ring of evasion
Wands
 B - a wand of charming (10)
 D - a wand of mindburst (21)
 P - a wand of acid (7)
Scrolls
 f - 2 scrolls of identify
 h - 4 scrolls of enchant armour
 m - 3 scrolls of noise
 r - a scroll of silence
 u - 2 scrolls of blinking
 v - a scroll of magic mapping
 w - 4 scrolls of vulnerability
 x - 3 scrolls of teleportation
 G - a scroll of poison
 I - 2 scrolls of fear
 K - a scroll of immolation
 T - a scroll of acquirement {unknown}
Potions
 c - 3 potions of invisibility
 d - 2 potions of cancellation {unknown}
 e - 2 potions of resistance
 g - 2 potions of might {unknown}
 n - 2 potions of brilliance {unknown}
 o - 3 potions of curing {unknown}
 p - 4 potions of attraction
 z - a potion of magic {unknown}
 A - 6 potions of heal wounds
 E - 5 potions of degeneration
 M - 2 potions of lignification {unknown}
 N - a potion of berserk rage {unknown}
 R - a potion of mutation {unknown}


   Skills:
 + Level 5.6 Fighting
 + Level 7.3 Short Blades
 + Level 1.6 Crossbows
 + Level 5.2 Armour
 + Level 7.0 Dodging
 + Level 8.9 Stealth
 + Level 5.8 Spellcasting
 + Level 5.3 Conjurations
 * Level 8.5 Hexes
 + Level 3.2 Summonings
 + Level 5.4 Invocations


You had 7 spell levels left.
You knew the following spells:

 Your Spells              Type           Power      Damage    Failure   Level
a - Ensorcelled Hibernat  Hex/Ice        68%        N/A       2%          2
b - Confusing Touch       Hex            56%        N/A       1%          3
c - Tukima's Dance        Hex            56%        N/A       1%          3
d - Dazzling Flash        Conj/Hex       100%       N/A       1%          3
e - Summon Guardian Gole  Hex/Summ       44%        N/A       2%          3

Your spell library contained the following spells:

 Spells                   Type           Power      Damage    Failure   Level
 Summon Small Mammal      Summ           100%       N/A       2%          1
 Static Discharge         Conj/Air       24%        N/A       4%          2
 Portal Projectile        Hex/Tloc       68%        N/A       4%          3
 Call Canine Familiar     Summ           28%        N/A       7%          3
 Apportation              Tloc           16%        N/A       9%          1
 Necrotize                Necr           32%        1d5       9%          1
 Sting                    Tmut/Pois      32%        1d4       9%          1
 Poisonous Vapours        Pois/Air       16%        N/A       13%         2
 Sublimation of Blood     Necr           8%         N/A       13%         2
 Wereblood                Tmut           8%         N/A       13%         2
 Anguish                  Hex/Necr       17%        N/A       14%         4
 Spider Form              Tmut/Pois      8%         N/A       26%         3
 Sticky Flame             Conj/Fire      24%        2d5       28%         4
 Animate Armour           Summ/Erth      36%        N/A       38%         4
 Dispel Undead            Necr           8%         3d8       63%         4
 Olgreb's Toxic Radiance  Pois           8%         N/A       63%         4
 Blade Hands              Tmut           4%         N/A       93%         5
 Iron Shot                Conj/Erth      12%        9d3       99%         6
 Malign Gateway           Summ/Tloc      9%         N/A       100%        7
 Summon Hydra             Summ           14%        N/A       100%        7


Dungeon Overview and Level Annotations

Branches:
Dungeon (8/15)             Temple (1/1) D:4            Lair (2/6) D:8
  Swamp: Lair:2-4    Shoals: Lair:2-4     Snake: Lair:2-4    Spider: Lair:2-4

Altars:
Ashenzari
Cheibriados
Dithmenos
Elyvilon
Fedhas
Gozag
Hepliaklqana
Kikubaaqudgha
Makhleb
Nemelex Xobeh
Okawaru
Qazlal
Ru
Sif Muna
Trog
Uskayaw
Vehumet
Wu Jian
Xom
Yredelemnul
Zin
The Shining One

Shops:
D:4 ?   D:5 ?


Innate Abilities, Weirdness & Mutations

You are small and have problems with some larger weapons.
You are completely attuned to the shadows.


Message History

The boulder beetle misses you.
The boulder beetle bites itself!
You catch the helpless boulder beetle completely off-guard!
You hit the boulder beetle but do no damage.
The boulder beetle is heavily wounded.
You catch the helpless boulder beetle completely off-guard!
You hit the boulder beetle.
The boulder beetle is heavily wounded.
The boulder beetle misses you.
The boulder beetle bites itself!
You barely miss the boulder beetle.
The boulder beetle is severely wounded.
You hit the boulder beetle but do no damage.
The boulder beetle is severely wounded.
You hit the boulder beetle but do no damage.
The boulder beetle is severely wounded.
The boulder beetle barely misses you.
You hit the boulder beetle but do no damage.
The boulder beetle is severely wounded.
The boulder beetle bites your guardian golem!
You hit the boulder beetle but do no damage.
The boulder beetle is severely wounded.
The boulder beetle barely misses you.
You hit the boulder beetle but do no damage.
The boulder beetle is severely wounded.
You strike the helpless boulder beetle from behind!
You hit the boulder beetle.
The boulder beetle is severely wounded.
You hit the boulder beetle.
The boulder beetle is severely wounded.
The boulder beetle seems less confused.
The boulder beetle misses you.
You hit the boulder beetle but do no damage.
The boulder beetle is severely wounded.
The boulder beetle leaps!
Casting: Confusing Touch (safe; 1% risk of failure)
Confirm with . or Enter, or press ? or * to list all spells.
Your hands begin to glow red.
The boulder beetle curls into a ball and begins rolling!
The boulder beetle hits you!!!
Ouch! That really hurt!
You die...
Fedhas appreciates your contribution to the ecosystem.

###.# ###
###.########P##########
...........P..........#
###...................#
......................#
......................#
......................#
###...................#
..............9.@.....#
####..######P..B......#
# #..## #P.........##
##†# ##.........P# #..#
#.........##
##.########.........#
...................##
.....................#
.....................##


You could see a boulder beetle (rolling, ally target) and a friendly guardian
golem (summoned).

Vanquished Creatures
  A hydra (Lair:1)
  Pikel (D:5)
  A black mamba (Lair:1)
  4 cane toads
  The ghost of Sobieck the Digger, a novice GnEE (D:4)
  4 komodo dragons
  8 yaks
  Eustachio (D:5)
  An orc warrior (D:8)
  2 water moccasins
  An ice beast (D:6)
  A sky beast (D:8)
  4 black bears
  3 centaurs
  A lemure (D:5)
  2 kobold brigands (D:8)
  Blork the orc (D:5)
  9 bullfrogs
  2 scorpions
  4 wights (D:6)
  4 howler monkeys
  Crazy Yiuf (D:5)
  5 hounds
  2 jellies
  A gnoll shaman (D:8)
  2 orc priests
  3 iguanas
  5 orc wizards
  15 gnolls
  8 adders
  A shadow imp (D:7)
  A white imp (D:5)
  3 ufetubi
  2 worms
  2 dart slugs
  20 orcs
  6 ball pythons
  7 endoplasms
  4 giant cockroaches
  8 goblins
  4 hobgoblins
  4 jackals (D:2)
  A quokka (D:1)
  6 bats
  6 frilled lizards
  17 kobolds
  6 rats
196 creatures vanquished.

Vanquished Creatures (collateral kills)
  A kobold brigand (D:7)
  3 bullfrogs
  A scorpion (D:8)
  A wight (D:6)
  2 gnolls
  An adder (D:6)
  A white imp (D:8)
  3 orcs (D:7)
  4 kobolds (D:7)
17 creatures vanquished.

Vanquished Creatures (others)
  A yak (Lair:1)
  31 fungi (D:8)
  33 plants
65 creatures vanquished.

Grand Total: 278 creatures vanquished

Notes
Turn   | Place    | Note
-------+----------+-------------------------------------------
     0 | D:1      | happo123 the Kobold Enchanter began the quest for the Orb.
     0 | D:1      | Reached XP level 1. HP: 10/10 MP: 3/3
   337 | D:1      | Reached XP level 2. HP: 15/15 MP: 5/5
   341 | D:1      | Learned a level 2 spell: Ensorcelled Hibernation
   626 | D:1      | Found a faded altar of an unknown god.
  1215 | D:1      | Reached XP level 3. HP: 19/19 MP: 6/6
  1219 | D:1      | Learned a level 3 spell: Confusing Touch
  1682 | D:2      | Reached XP level 4. HP: 24/24 MP: 7/7
  2963 | D:3      | Reached XP level 5. HP: 28/28 MP: 9/9
  2967 | D:3      | Learned a level 3 spell: Tukima's Dance
  3141 | D:3      | Reached skill level 1 in Fighting
  3256 | D:3      | Got Paxinu's Handbook of Displacement
  3679 | D:4      | Found Fekin's Magic Scroll Boutique.
  3687 | D:4      | Reached skill level 1 in Conjurations
  3722 | D:4      | Bought 3 scrolls of identify for 72 gold pieces
  3722 | D:4      | Bought a scroll of magic mapping for 42 gold pieces
  3776 | D:4      | Found a transporter.
  3829 | D:4      | Noticed a black bear
  3875 | D:4      | Reached skill level 5 in Stealth
  3879 | D:4      | Reached XP level 6. HP: 34/34 MP: 10/10
  3931 | D:4      | Found a staircase to the Ecumenical Temple.
  3937 | Temple   | Entered the Ecumenical Temple
  3968 | Temple   | Became a worshipper of Fedhas Madash
  4354 | D:4      | Killed a black bear
  4529 | D:4      | Noticed a water moccasin
  4532 | D:4      | Killed a water moccasin
  4533 | D:4      | Reached skill level 1 in Invocations
  4533 | D:4      | Reached XP level 7. HP: 40/40 MP: 11/11
  4986 | D:4      | Identified the +6 halberd "Ciqinam" {venom, Contam rF+
                  | Int+3}
  5201 | D:4      | Found a transporter.
  5258 | D:4      | Noticed Sobieck's ghost (novice GnEE)
  5416 | D:4      | Killed Sobieck's ghost
  5417 | D:4      | Reached skill level 5 in Hexes
  5417 | D:4      | Reached XP level 8. HP: 38/45 MP: 13/13
  5564 | D:5      | Entered Level 5 of the Dungeon
  5572 | D:5      | Noticed Eustachio
  5613 | D:5      | Killed Eustachio
  5613 | D:5      | Reached * piety under Fedhas
  5827 | D:5      | Found Nululu's Magic Scroll Emporium.
  5856 | D:5      | Bought a scroll of identify for 20 gold pieces
  5856 | D:5      | Bought a scroll of identify for 20 gold pieces
  5856 | D:5      | Bought a scroll of identify for 20 gold pieces
  5922 | D:5      | Noticed Pikel
  5950 | D:5      | Killed Pikel
  5951 | D:5      | Reached skill level 1 in Armour
  5951 | D:5      | Reached XP level 9. HP: 36/51 MP: 15/15
  5956 | D:5      | Learned a level 3 spell: Dazzling Flash
  6214 | D:5      | Noticed Blork the orc
  6218 | D:5      | Killed Blork the orc
  6219 | D:5      | Reached skill level 5 in Dodging
  6335 | D:5      | Found a runed translucent door.
  6338 | D:5      | Noticed Crazy Yiuf
  6343 | D:5      | Killed Crazy Yiuf
  6472 | D:5      | Reached skill level 5 in Short Blades
  7389 | D:6      | Reached ** piety under Fedhas
  7572 | D:6      | Noticed a komodo dragon
  7584 | D:6      | Killed a komodo dragon
  7949 | D:7      | Reached XP level 10. HP: 47/55 MP: 9/17
  7960 | D:7      | Identified the +5 quarterstaff of Misery {elec, rC- Will+
                  | Int+9}
  8450 | D:7      | Reached *** piety under Fedhas
  8451 | D:7      | Reached skill level 1 in Summonings
  8641 | D:7      | Learned a level 3 spell: Summon Guardian Golem
  8764 | D:8      | Reached skill level 5 in Spellcasting
  8854 | D:8      | Found a staircase to the Lair.
  9519 | D:8      | Found a sacrificial altar of Ru.
  9768 | Lair:1   | Entered Level 1 of the Lair of Beasts
  9818 | Lair:1   | You fall into a shaft and drop 1 floor!
  9822 | Lair:2   | Noticed a cane toad
  9840 | Lair:2   | Killed a cane toad
  9875 | Lair:2   | Noticed a komodo dragon
  9877 | Lair:2   | Noticed a cane toad
  9879 | Lair:2   | Killed a komodo dragon
  9880 | Lair:2   | Reached skill level 5 in Fighting
  9883 | Lair:2   | Killed a cane toad
  9884 | Lair:2   | Reached XP level 11. HP: 63/63 MP: 19/19
  9987 | Lair:2   | Reached skill level 5 in Invocations
 10070 | Lair:1   | Reached **** piety under Fedhas
 10134 | Lair:1   | Found a shimmering altar of Xom.
 10143 | Lair:1   | Reached skill level 5 in Conjurations
 10280 | Lair:1   | Noticed a four-headed hydra
 10284 | Lair:1   | Killed a four-headed hydra
 10285 | Lair:1   | Reached skill level 5 in Armour
 10290 | Lair:1   | Reached skill level 1 in Crossbows
 10670 | Lair:1   | Noticed a boulder beetle
 10702 | Lair:1   | Mangled by a boulder beetle

Illustrated notes

Levels and vault maps discovered:
D:1:      sevenhm_arrival_forest_fort_large_4, layout_basic,
          hellmonk_ecumenical_altar_zigzags, st_stairs_2, minmay_door_square,
          wander_ebering_terrifying_dragon_lair
D:2:      layout_basic, serial_glass, glass_columns_a, glass_columns_a,
          glass_columns_b, glass_columns_a
D:3:      layout_loops_ring
D:4:      layout_loops_ring, minmay_temple_entry_overgrown, serial_shops,
          shop_coins, gammafunk_ghost_gnarly_gnolls
D:5:      layout_loops_cross, serial_shops, nicolae_diamond_shop,
          hangedman_abyss_or_decor_stabs, uniq_eustachio, uniq_blork_the_orc,
          uniq_pikel, uniq_crazy_yiuf_cottage
D:6:      minmay_chambers_of_fours, layout_rooms, hex_medium
D:7:      layout_rooms
D:8:      layout_rooms, mainiacjoe_overflow_alcove_2,
          due_lair_maze_entry_diamond, minivault_19, minivault_22, minivault_11
Temple:   mainiacjoe_temple_archimedes_tessellation
Lair:1:   layout_big_grid, basic_altar, nzn_sisyphean_effort,
          serial_bayou_shore_a
Lair:2:   layout_cave_pods, minmay_shattered_shrine, grunt_megastairs_1,
          uniq_urug, uniq_amaemon

Skill      XL: |  1  2  3  4  5  6  7  8  9 10 11 |
---------------+----------------------------------+-----
Short Blades   | 2 3 4 5 6 7 |  7.3
Dodging        | 3 4 5 6 7 |  7.0
Fighting       | 1 2 3 4 5 |  5.6
Conjurations   | 1 2 3 4 5 |  5.3
Stealth        | 5 6 7 8 |  8.9
Hexes          | 4 5 6 7 8 |  8.5
Spellcasting   | 3 4 5 |  5.8
Invocations    | 1 2 3 4 5 |  5.4
Armour         | 1 3 4 5 |  5.2
Summonings     | 2 3 |  3.2
Crossbows      | 1 |  1.6

Action                   |  1- 3 |  4- 6 |  7- 9 | 10-12 || total
-------------------------+-------+-------+-------+-------++-------
Melee: Dagger            |    37 |    77 |   236 |   112 ||   462
       Punch             |       |       |     3 |     2 ||     5
       Quarterstaff      |       |       |       |    16 ||    16
 Cast: Ensorcelled Hiber |     7 |    29 |    46 |    47 ||   129
       Confusing Touch   |       |     2 |    25 |     9 ||    36
       Tukima's Dance    |       |       |     3 |     1 ||     4
       Summon Guardian G |       |       |       |     2 ||     2
Invok: Wall of Briars    |       |       |     1 |     4 ||     5
  Use: Scroll            |       |     3 |     8 |     1 ||    12
       Potion            |       |       |       |     1 ||     1
 Stab: Sleeping          |    23 |    41 |    46 |    43 ||   153
       Confused          |       |     1 |    19 |    10 ||    30
       Distracted        |       |       |       |     2 ||     2
Armor: Robe              |     9 |    13 |    35 |       ||    57
       Leather armour    |       |       |    68 |    53 ||   121
Dodge: Dodged            |    14 |    28 |   183 |    89 ||   314

Table legend: (Time is in decaauts)
 A = Elapsed time spent in this place.
 B = Non-inter-level travel time spent in this place.
 C = Inter-level travel time spent in this place.
 D = Time resting spent in this place.
 E = Time spent auto-exploring this place.
 F = Levels seen in this place.
 G = Mean time per level.
                   A        B        C        D        E       F      G
               +--------+--------+--------+--------+--------+-----+--------+
         Total |  10614 |   9624 |    990 |    961 |   6765 |  11 |  964.9 |
       Dungeon |   9287 |   8771 |    516 |    857 |   6227 |   8 | 1160.9 |
        Temple |    400 |    374 |     26 |      0 |    353 |   1 |  400.0 |
          Lair |    926 |    478 |    448 |    104 |    184 |   2 |  463.0 |
               +--------+--------+--------+--------+--------+-----+--------+

Top non-repeatable levels by time:
     D:2: 1521 daAuts
     D:4: 1477 daAuts
     D:1: 1396 daAuts
     D:5: 1304 daAuts
     D:8: 1059 daAuts
     D:6: 975 daAuts
     D:7: 806 daAuts
     D:3: 746 daAuts
  Lair:1: 680 daAuts
  Temple: 400 daAuts
  Lair:2: 245 daAuts
